 Dungeon Crawl Stone Soup version 0.28.0 (webtiles) character file.

Game seed: 9060726942576870831

37 crazypyro the Skirmisher (level 3, -8/40 HPs)
             Began as an Ogre Berserker on Feb 10, 2022.
             Was a Believer of Trog.
             Killed from afar by an orc wizard (14 damage)
             ... with a puff of flame
             ... on level 1 of the Dungeon.
             The game lasted 00:01:12 (1181 turns).

crazypyro the Skirmisher (Ogre Berserker)           Turns: 1181, Time: 00:01:13

Health: -8/40      AC:  7    Str: 23    XL:     3   Next: 41%
Magic:  3/3        EV: 10    Int:  8    God:    Trog [**....]
Gold:   12         SH:  0    Dex:  8    Spells: 2/2 levels left

rFire   . . .      SeeInvis .   a - +0 mace
rCold   . . .      Faith    .   (no shield)
rNeg    . . .      Spirit   .   b - +0 animal skin
rPois   .          Reflect  .   (helmet restricted)
rElec   .          Harm     +   e - scarf {harm}
rCorr   .          Rampage  .   (gloves unavailable)
Will    .....                   (boots unavailable)
Stlth   +.........              (no amulet)
HPRegen 0.13/turn               c - +4 ring of protection
MPRegen 0.08/turn               (no ring)

@: no status effects
A: large, unfitting armour, tough skin 1
a: Renounce Religion, Berserk, Trog's Hand


You were on level 1 of the Dungeon.
You worshipped Trog.
Trog was pleased with you.
You visited 1 branch of the dungeon, and saw 2 of its levels.

You collected 12 gold pieces.

Inventory:

Hand Weapons
 a - a +0 mace (weapon)
Armour
 b - a +0 animal skin (worn)
 e - a scarf of harm (worn)
Jewellery
 c - a +4 ring of protection (left hand)
Scrolls
 d - a scroll of immolation {unknown}
 f - 3 scrolls of enchant weapon {unknown}
Potions
 g - a potion of lignification {unknown}


   Skills:
 - Level 4.4 Fighting
 * Level 3.5 Maces & Flails
 - Level 3.0 Dodging


You had 2 spell levels left.
You didn't know any spells.
Your spell library was empty.

Dungeon Overview and Level Annotations

Branches:
Dungeon (2/15)

Altars:


Innate Abilities, Weirdness & Mutations

You are too large for most types of armour.
You have tough skin. (AC +1)


Message History

The orc misses you.
The orc wizard hits you but does no damage.
You closely miss the orc wizard. The orc barely misses you.
The orc wizard points at you and mumbles some strange words.
You are confused.
The orc hits you with a +0 war axe.
* * * LOW HITPOINT WARNING * * *
You barely miss the orc.
The orc wizard hits you with a +0 dagger.
* * * LOW HITPOINT WARNING * * *
The orc closely misses you.
You are too confused!
You're too confused to move!
The orc wizard closely misses you. The orc hits you with a +0 war axe.
* * * LOW HITPOINT WARNING * * *
You miss the orc wizard.
The orc wizard hits you but does no damage.
The orc barely misses you. The orc wizard closely misses you.
The orc wizard hits you but does no damage.
You thump the orc!
You kill the orc!
Trog accepts your kill.
You feel less confused. The orc wizard closely misses you.
Okay, then.
You hit the orc wizard but do no damage.
The orc wizard hits you but does no damage.
You sock the orc wizard!
The orc wizard is almost dead.
The orc wizard gestures at you while chanting.
The puff of flame hits you.
* * * LOW HITPOINT WARNING * * *
You miss the orc wizard.
The orc wizard is almost dead.
The orc wizard hits you but does no damage.
You miss the orc wizard.
The orc wizard is almost dead.
The orc wizard casts a spell at you. The puff of flame hits you!
You die...

###.#### #... #......#
#.## #......# #########
#......# #).......
#......###(#######
#........#.#......
#.......)..#.##...
#>o...............
#########@###.#.#.....#...
#.......#.###.#.#.###.#...
#...........#.#.#.....#...
#...).......#.#.#....##.##
#..................#.##.##
#.......#.................
#.......##....#.#....#....
#.......##.####.#.########
###.###.##.####.#........)


You could see an orc wizard.

Vanquished Creatures
  3 dart slugs (D:1)
  2 orcs
  3 bats (D:1)
  4 endoplasms (D:1)
  2 giant cockroaches (D:1)
  4 goblins (D:1)
  2 kobolds (D:1)
  3 ball pythons (D:1)
  A frilled lizard (D:1)
  5 rats (D:1)
  A bush (D:1)
30 creatures vanquished.

Vanquished Creatures (others)
  A plant (D:1)
1 creature vanquished.

Grand Total: 31 creatures vanquished

Notes
Turn   | Place    | Note
-------+----------+-------------------------------------------
     0 | D:1      | crazypyro the Ogre Berserker began the quest for the Orb.
     0 | D:1      | Reached XP level 1. HP: 24/24 MP: 1/1
    96 | D:1      | Reached XP level 2. HP: 23/32 MP: 2/2
   391 | D:1      | Reached ** piety under Trog
   439 | D:1      | Reached XP level 3. HP: 39/40 MP: 3/3
  1181 | D:1      | Killed from afar by an orc wizard

Illustrated notes

Levels and vault maps discovered:
D:1:      mrwooster_arrival_statue, layout_basic, serial_forest,
          infiniplex_forest_clump_double, infiniplex_forest_clump_C,
          infiniplex_forest_end_1, infiniplex_forest_end_2,
          infiniplex_forest_3_way, infiniplex_forest_clump_tiny,
          infiniplex_forest_straight_5
D:2:      layout_basic, shapermc_ecumenical_altar_rom_forum

Skill      XL: |  1  2 |
---------------+-------+-----
Dodging        | 3 |  3.0
Maces & Flails | 3 |  3.5
Fighting       | |  4.4

Action                   || total
-------------------------++-------
Melee: Mace              ||   152
       Punch             ||     1
Armor: Animal skin       ||    37
Dodge: Dodged            ||    41
